| TOP OF THE 1ST |
|
Houston Colt .45's batting - Pitching for Portland Angels : RHP Chris DePalma
|
|
Pitching: RHP Chris DePalma
|
|
|
Batting: LHB Lou Toth
|
0-0: Ball 1-0: Ball 2-0: Ball 3-0: Base on Balls
|
|
Batting: LHB Bob Dietz
|
0-0: Called Strike 0-1: Foul Ball, location: 2F 0-2: Ball 1-2: Ball 2-2: SINGLE (Groundball, 4MD, EV 98.1 MPH) Lou Toth to second
|
|
Batting: SHB Danny Jensen
|
0-0: Called Strike 0-1: Ball 1-1: Ball 2-1: Ball 3-1: Called Strike 3-2: Foul Ball, location: 2F 3-2: Fly out, F8 (Line Drive, 8RD, EV 85.0 MPH)
|
|
Batting: RHB Juan Mendoza
|
0-0: Called Strike 0-1: Swinging Strike 0-2: Ball 1-2: Ball 2-2: Strikes out swinging
|
|
Batting: RHB Keith Goodwin
|
0-0: Foul Ball, location: 2F 0-1: Called Strike 0-2: Ball 1-2: Strikes out swinging
|
| Top of the 1st over - 0 runs, 1 hit, 0 errors, 2 left on base; Houston 0 - Portland 0 |
| BOTTOM OF THE 1ST |
|
Portland Angels batting - Pitching for Houston Colt .45's : RHP Mike Wirick
|
|
Pitching: RHP Mike Wirick
|
|
|
Batting: RHB Jon Shonka
|
0-0: Called Strike 0-1: Foul Ball, location: 2F 0-2: Strikes out swinging
|
|
Batting: LHB Dave Hicks
|
0-0: Ball 1-0: Called Strike 1-1: Ball 2-1: Ball 3-1: Swinging Strike 3-2: SINGLE (Groundball, 15S, EV 76.2 MPH) (infield hit)
|
|
Batting: LHB Mario Anguiano
|
0-0: Foul Ball, location: 2F 0-1: Reached on error, E6 (Groundball, 6, EV 79.4 MPH) Dave Hicks to second
|
|
Batting: RHB Juan Rosa
|
0-0: Ball 1-0: Called Strike 1-1: Ball Dave Hicks is caught stealing 3rd base 2-5 Mario Anguiano to second 2-1: Called Strike 2-2: Ball 3-2: SINGLE (Line Drive, 8LS, EV 100.6 MPH) Mario Anguiano to third Runner from 3rd tries for Home, SAFE, throw by CF to home
|
|
Batting: LHB Spencer Palmer
|
0-0: Called Strike 0-1: Ball 1-1: Ball 2-1: Ball 3-1: Foul Ball, location: 2F 3-2: Base on Balls Juan Rosa to second
|
|
Batting: LHB Griffin Ferris
|
0-0: Called Strike 0-1: Ball 1-1: SINGLE (Flyball, 34D, EV 91.9 MPH) Juan Rosa to third Spencer Palmer to second Runner from 3rd tries for Home, SAFE, throw by RF to home
|
|
Batting: LHB Mark Reeg
|
0-0: Foul Ball, location: 2F 0-1: Ball 1-1: Ground out 4-3 (Groundball, 4D, EV 105.0 MPH)
|
| Bottom of the 1st over - 2 runs, 3 hits, 1 error, 2 left on base; Houston 0 - Portland 2 |
| TOP OF THE 2ND |
|
Houston Colt .45's batting - Pitching for Portland Angels : RHP Chris DePalma
|
|
Batting: RHB To-wai Chen
|
0-0: Called Strike 0-1: DOUBLE (Line Drive, 9LS, EV 98.1 MPH)
|
|
Batting: RHB Jarno van Lente
|
0-0: Ball 1-0: Ball 2-0: Ball 3-0: Base on Balls
|
|
Batting: RHB Gabe Allen
|
0-0: Ball 1-0: Ball 2-0: SINGLE (Line Drive, 34D, EV 99.4 MPH) To-wai Chen to third Jarno van Lente to second
|
|
Batting: SHB Miguel Sierra
|
0-0: Ball 1-0: Ball 2-0: Fly out, F8 (Flyball, 8LS, EV 88.8 MPH)
|
|
Batting: LHB Lou Toth
|
0-0: Ball 1-0: Ball 2-0: Foul Ball, location: 2F 2-1: Foul Ball, location: 2F 2-2: Strikes out swinging
|
|
Batting: LHB Bob Dietz
|
0-0: Foul Ball, location: 2F 0-1: Ball 1-1: Called Strike 1-2: Strikes out swinging
|
| Top of the 2nd over - 0 runs, 2 hits, 0 errors, 3 left on base; Houston 0 - Portland 2 |
| BOTTOM OF THE 2ND |
|
Portland Angels batting - Pitching for Houston Colt .45's : RHP Mike Wirick
|
|
Batting: RHB Sean Rocha
|
0-0: Ball 1-0: Ground out 5-3 (Groundball, 56S, EV 73.8 MPH)
|
|
Batting: SHB Danny Gelinas
|
0-0: Ball 1-0: Fly out, F8 (Flyball, 8LM, EV 93.1 MPH)
|
|
Batting: RHB Jon Shonka
|
0-0: SINGLE (Groundball, 6M, EV 86.9 MPH) (infield hit)
|
|
Batting: LHB Dave Hicks
|
Pickoff Throw to First - Out! 1-3
|
| Bottom of the 2nd over - 0 runs, 1 hit, 0 errors, 0 left on base; Houston 0 - Portland 2 |
| TOP OF THE 3RD |
|
Houston Colt .45's batting - Pitching for Portland Angels : RHP Chris DePalma
|
|
Batting: SHB Danny Jensen
|
0-0: Called Strike 0-1: Fly out, F7 (Flyball, 7, EV 83.1 MPH)
|
|
Batting: RHB Juan Mendoza
|
0-0: Foul Ball, location: 2F 0-1: Foul Ball, location: 2F 0-2: Fly out, F8 (Flyball, 8RM, EV 91.9 MPH)
|
|
Batting: RHB Keith Goodwin
|
0-0: Called Strike 0-1: Ground out 4-3 (Groundball, 4D, EV 86.9 MPH)
|
| Top of the 3rd over - 0 runs, 0 hits, 0 errors, 0 left on base; Houston 0 - Portland 2 |
| BOTTOM OF THE 3RD |
|
Portland Angels batting - Pitching for Houston Colt .45's : RHP Mike Wirick
|
|
Batting: LHB Dave Hicks
|
0-0: Ball 1-0: Ball 2-0: DOUBLE (Flyball, 9LD, EV 109.4 MPH)
|
|
Batting: LHB Mario Anguiano
|
0-0: Foul Ball, location: 2F 0-1: 2-RUN HOME RUN (Line Drive, 89XD, EV 115.0 MPH), Distance : 434 ft
|
|
Batting: RHB Juan Rosa
|
0-0: Ball 1-0: Ball 2-0: SINGLE (Groundball, 6D, EV 96.2 MPH)
|
|
Batting: LHB Spencer Palmer
|
0-0: Ball 1-0: Swinging Strike 1-1: SINGLE (Groundball, 6MD, EV 108.1 MPH) Juan Rosa to second
|
|
Batting: LHB Griffin Ferris
|
0-0: Ball 1-0: Ball 2-0: 3-RUN HOME RUN (Flyball, 7D, EV 98.1 MPH), Distance : 357 ft
|
|
Batting: LHB Mark Reeg
|
0-0: Foul Ball, location: 2F 0-1: Ball 1-1: SOLO HOME RUN (Flyball, 78XD, EV 97.5 MPH), Distance : 397 ft
|
|
Pitching: RHP Russ Greer
|
|
|
Batting: RHB Sean Rocha
|
0-0: Ball 1-0: Called Strike 1-1: Ball 2-1: Called Strike 2-2: SINGLE (Line Drive, 4M, EV 100.0 MPH)
|
|
Batting: SHB Danny Gelinas
|
0-0: Ball 1-0: Swinging Strike 1-1: Grounds into double play, 4-6-3 (Groundball, 34, EV 103.8 MPH)
|
|
Batting: RHB Jon Shonka
|
0-0: SINGLE (Groundball, 6MD, EV 96.9 MPH)
|
|
Batting: LHB Dave Hicks
|
0-0: Swinging Strike 0-1: SINGLE (Line Drive, 34, EV 94.4 MPH) Jon Shonka to second
|
|
Batting: LHB Mario Anguiano
|
0-0: DOUBLE (Groundball, 3L, EV 103.1 MPH) Jon Shonka scores Dave Hicks to third
|
|
Batting: RHB Juan Rosa
|
0-0: Ball 1-0: Ball 2-0: Foul Ball, location: 2F 2-1: DOUBLE (Flyball, 89D, EV 113.1 MPH) Dave Hicks scores Mario Anguiano scores
|
|
Batting: LHB Spencer Palmer
|
0-0: DOUBLE (Line Drive, 89M, EV 98.1 MPH) Juan Rosa scores
|
|
Batting: LHB Griffin Ferris
|
0-0: Swinging Strike 0-1: Ball 1-1: Ball 2-1: Ball 3-1: Foul Ball, location: 2F 3-2: Base on Balls
|
|
Pitching: RHP Greg Otto
|
|
|
Batting: LHB Mark Reeg
|
0-0: Foul Ball, location: 2F 0-1: Foul Ball, location: 2F 0-2: SINGLE (Line Drive, 6MD, EV 97.5 MPH) Spencer Palmer to third Griffin Ferris to second
|
|
Batting: RHB Sean Rocha
|
0-0: Ball 1-0: SINGLE (Groundball, 6MD, EV 105.0 MPH) Spencer Palmer scores Griffin Ferris to third Mark Reeg to second Runner from 3rd tries for Home, SAFE, throw by CF to home
|
|
Batting: SHB Danny Gelinas
|
0-0: Foul Ball, location: 2F 0-1: Ball 1-1: Foul Ball, location: 2F 1-2: Ball 2-2: Ball 3-2: Strikes out looking
|
| Bottom of the 3rd over - 12 runs, 14 hits, 0 errors, 2 left on base; Houston 0 - Portland 14 |
| TOP OF THE 4TH |
|
Houston Colt .45's batting - Pitching for Portland Angels : RHP Chris DePalma
|
|
Batting: RHB To-wai Chen
|
0-0: Ball 1-0: Swinging Strike 1-1: Ball 2-1: Foul Ball, location: 2F 2-2: Ball 3-2: Ground out U3 (Groundball, 13, EV 88.8 MPH)
|
|
Batting: RHB Jarno van Lente
|
0-0: Swinging Strike 0-1: Foul Ball, location: 2F 0-2: Strikes out looking
|
|
Batting: RHB Gabe Allen
|
0-0: Foul Ball, location: 2F 0-1: Foul Ball, location: 2F 0-2: Foul Ball, location: 2F 0-2: Ball 1-2: Strikes out swinging
|
| Top of the 4th over - 0 runs, 0 hits, 0 errors, 0 left on base; Houston 0 - Portland 14 |
| BOTTOM OF THE 4TH |
|
Portland Angels batting - Pitching for Houston Colt .45's : RHP Greg Otto
|
|
Batting: RHB Jon Shonka
|
0-0: Called Strike 0-1: Ball 1-1: Ball 2-1: TRIPLE (Flyball, 7D, EV 98.8 MPH)
|
|
Batting: LHB Dave Hicks
|
0-0: Called Strike 0-1: Ball 1-1: Ball 2-1: Called Strike 2-2: Ball 3-2: Foul Ball, location: 2F 3-2: SINGLE (Line Drive, 89M, EV 88.1 MPH) Jon Shonka scores
|
|
Pitching: LHP Mike Holloway
|
|
|
Batting: LHB Mario Anguiano
|
0-0: Ball 1-0: Swinging Strike 1-1: Foul Ball, location: 2F 1-2: Ball 2-2: Foul Ball, location: 2F 2-2: Foul Ball, location: 2F 2-2: Ball 3-2: Foul Ball, location: 2F 3-2: Fly out, F9 (Flyball, 9LS, EV 80.0 MPH)
|
|
Batting: RHB Juan Rosa
|
0-0: Ball 1-0: Ball 2-0: Foul Ball, location: 2F 2-1: Ball 3-1: Called Strike 3-2: Base on Balls Dave Hicks to second
|
|
Batting: LHB Spencer Palmer
|
0-0: Called Strike 0-1: Ball 1-1: Ball 2-1: Swinging Strike 2-2: Strikes out looking
|
|
Batting: LHB Griffin Ferris
|
0-0: Foul Ball, location: 2F 0-1: Foul Ball, location: 2F 0-2: DOUBLE (Line Drive, 7LS, EV 91.2 MPH) Dave Hicks scores Juan Rosa to third Runner from 3rd tries for Home, SAFE, throw by LF to trailing runner, SAFE at third!
|
|
Batting: LHB Mark Reeg
|
0-0: Ball 1-0: DOUBLE (Flyball, 78XD, EV 105.6 MPH) Griffin Ferris scores
|
|
Batting: RHB Sean Rocha
|
0-0: Called Strike 0-1: Swinging Strike 0-2: Foul Ball, location: 2F 0-2: Foul Ball, location: 2F 0-2: Foul Ball, location: 2F 0-2: Foul Ball, location: 2F 0-2: Ball 1-2: Strikes out swinging
|
| Bottom of the 4th over - 4 runs, 4 hits, 0 errors, 1 left on base; Houston 0 - Portland 18 |
| TOP OF THE 5TH |
|
Houston Colt .45's batting - Pitching for Portland Angels : RHP Chris DePalma
|
|
Batting: SHB Miguel Sierra
|
0-0: Ball 1-0: SINGLE (Groundball, 6MD, EV 95.0 MPH)
|
|
Batting: LHB Lou Toth
|
0-0: Ball 1-0: Called Strike 1-1: Foul Ball, location: 2F 1-2: Foul Ball, location: 2F 1-2: Fly out, F5 (Popup, 56S, EV 83.1 MPH)
|
|
Batting: LHB Bob Dietz
|
0-0: Fly out, F4 (Flyball, 34D, EV 90.6 MPH)
|
|
Batting: SHB Danny Jensen
|
0-0: Ball 1-0: Called Strike 1-1: Called Strike Miguel Sierra steals 2nd base 1-2: SINGLE (Line Drive, 7S, EV 105.0 MPH) Miguel Sierra to third Runner from 3rd tries for Home, throw by LF and OUT! 7-2
|
| Top of the 5th over - 0 runs, 2 hits, 0 errors, 1 left on base; Houston 0 - Portland 18 |
| BOTTOM OF THE 5TH |
|
Portland Angels batting - Pitching for Houston Colt .45's : LHP Mike Holloway
|
|
Batting: SHB Danny Gelinas
|
0-0: Called Strike 0-1: Ground out 6-3 (Groundball, 6, EV 90.6 MPH)
|
|
Batting: RHB Jon Shonka
|
0-0: Called Strike 0-1: Called Strike 0-2: Ball 1-2: Ball 2-2: Ball 3-2: Foul Ball, location: 2F 3-2: Foul Ball, location: 2F 3-2: Foul Ball, location: 2F 3-2: Base on Balls
|
|
Batting: LHB Dave Hicks
|
0-0: Called Strike 0-1: Called Strike 0-2: Ball 1-2: Strikes out swinging
|
|
Batting: LHB Mario Anguiano
|
0-0: Foul Ball, location: 2F 0-1: Swinging Strike 0-2: Ball 1-2: Ball 2-2: Foul Ball, location: 2F 2-2: Ball 3-2: Foul Ball, location: 2F 3-2: Foul Ball, location: 2F 3-2: Ground out 4-3 (Groundball, 34, EV 86.2 MPH)
|
| Bottom of the 5th over - 0 runs, 0 hits, 0 errors, 1 left on base; Houston 0 - Portland 18 |
| TOP OF THE 6TH |
|
Houston Colt .45's batting - Pitching for Portland Angels : RHP Chris DePalma
|
|
Batting: RHB Juan Mendoza
|
0-0: Ball 1-0: Ball 2-0: Called Strike 2-1: Foul Ball, location: 2F 2-2: SINGLE (Groundball, 56D, EV 99.4 MPH)
|
|
Batting: RHB Keith Goodwin
|
0-0: Foul Ball, location: 2F 0-1: SINGLE (Groundball, 34S, EV 98.8 MPH) Juan Mendoza to second
|
|
Pitching: RHP Dean LeCroy
|
|
|
Batting: RHB To-wai Chen
|
0-0: SINGLE (Line Drive, 9LM, EV 110.0 MPH) Juan Mendoza to third Keith Goodwin to second
|
|
Batting: RHB Jarno van Lente
|
0-0: Ball 1-0: Called Strike 1-1: Foul Ball, location: 2F 1-2: Strikes out swinging
|
|
Batting: RHB Gabe Allen
|
0-0: Called Strike 0-1: Ball 1-1: Called Strike 1-2: Foul Ball, location: 2F 1-2: Fly out, F8 (Flyball, 89D, EV 101.9 MPH) Runner from 3rd tags up, SCORES, throw by CF Keith Goodwin to third
|
|
Batting: SHB Miguel Sierra
|
0-0: Swinging Strike 0-1: Ball 1-1: Reached on error, E5 (Groundball, 56S, EV 91.2 MPH) Keith Goodwin scores To-wai Chen to second
|
|
Batting: LHB Lou Toth
|
0-0: Ball 1-0: Ball 2-0: SINGLE (Line Drive, 56, EV 103.8 MPH) To-wai Chen to third Miguel Sierra to second Runner from 3rd tries for Home, SAFE, throw by LF to home
|
|
Batting: LHB Bob Dietz
|
0-0: Called Strike 0-1: Ball 1-1: Foul Ball, location: 2F 1-2: Strikes out swinging
|
| Top of the 6th over - 3 runs, 4 hits, 1 error, 2 left on base; Houston 3 - Portland 18 |
| BOTTOM OF THE 6TH |
|
Portland Angels batting - Pitching for Houston Colt .45's : LHP Mike Holloway
|
|
Batting: RHB Juan Rosa
|
0-0: Ball 1-0: Called Strike 1-1: Ball 2-1: Foul Ball, location: 2F 2-2: Ball 3-2: SOLO HOME RUN (Flyball, 7LD, EV 90.6 MPH), Distance : 330 ft
|
|
Batting: LHB Spencer Palmer
|
0-0: Ball 1-0: Ball 2-0: Swinging Strike 2-1: Foul Ball, location: 2F 2-2: Fly out, F8 (Line Drive, 8LM, EV 91.9 MPH)
|
|
Batting: LHB Griffin Ferris
|
0-0: Foul Ball, location: 2F 0-1: Ball 1-1: Ball 2-1: Foul Ball, location: 2F 2-2: Foul Ball, location: 2F 2-2: Ball 3-2: Base on Balls
|
|
Batting: LHB Mark Reeg
|
0-0: Ball 1-0: Called Strike 1-1: Ball 2-1: Ball 3-1: Base on Balls Griffin Ferris to second
|
|
Batting: RHB Sean Rocha
|
0-0: Foul Ball, location: 2F 0-1: Ball 1-1: Foul Ball, location: 2F 1-2: Strikes out swinging
|
|
Batting: SHB Danny Gelinas
|
0-0: Fly out, F7 (Flyball, 78D, EV 89.4 MPH)
|
| Bottom of the 6th over - 1 run, 1 hit, 0 errors, 2 left on base; Houston 3 - Portland 19 |
| TOP OF THE 7TH |
|
Houston Colt .45's batting - Pitching for Portland Angels : RHP Dean LeCroy
|
|
Batting: SHB Danny Jensen
|
0-0: Foul Ball, location: 2F 0-1: SINGLE (Groundball, 4MD, EV 98.1 MPH)
|
|
Batting: RHB Juan Mendoza
|
0-0: Reached on error, E6 (Groundball, 6, EV 102.5 MPH) Danny Jensen to second
|
|
Batting: RHB Keith Goodwin
|
0-0: Called Strike 0-1: Called Strike 0-2: Strikes out swinging
|
|
Batting: RHB To-wai Chen
|
0-0: Called Strike 0-1: Swinging Strike 0-2: Strikes out looking
|
|
Batting: RHB Jarno van Lente
|
0-0: Ball 1-0: Ground out 1-3 (Groundball, 13S, EV 63.1 MPH)
|
| Top of the 7th over - 0 runs, 1 hit, 1 error, 2 left on base; Houston 3 - Portland 19 |
| BOTTOM OF THE 7TH |
|
Portland Angels batting - Pitching for Houston Colt .45's : LHP Mike Holloway
|
|
Batting: RHB Jon Shonka
|
0-0: Called Strike 0-1: SINGLE (Flyball, 34D, EV 87.5 MPH)
|
|
Batting: LHB Dave Hicks
|
0-0: Ball 1-0: Called Strike 1-1: Called Strike 1-2: Strikes out swinging
|
|
Pinch Hitting: SHB Adrian Orosco
|
0-0: Called Strike 0-1: Swinging Strike 0-2: Foul Ball, location: 2F 0-2: Strikes out swinging
|
|
Batting: RHB Juan Rosa
|
0-0: Ball 1-0: Ball 2-0: Foul Ball, location: 2F 2-1: Ball 3-1: Base on Balls Jon Shonka to second
|
|
Batting: LHB Spencer Palmer
|
0-0: Ball 1-0: Ball 2-0: Ball 3-0: Foul Ball, location: 2F 3-1: Foul Ball, location: 2F 3-2: Base on Balls Jon Shonka to third Juan Rosa to second
|
|
Batting: LHB Griffin Ferris
|
0-0: Called Strike 0-1: Ball 1-1: Ball 2-1: Ball 3-1: Foul Ball, location: 2F 3-2: Base on Balls Jon Shonka scores Juan Rosa to third Spencer Palmer to second
|
|
Batting: LHB Mark Reeg
|
0-0: Ball 1-0: Foul Ball, location: 2F 1-1: Swinging Strike 1-2: Ball 2-2: Foul Ball, location: 2F 2-2: Ball 3-2: Foul Ball, location: 2F 3-2: Strikes out swinging
|
| Bottom of the 7th over - 1 run, 1 hit, 0 errors, 3 left on base; Houston 3 - Portland 20 |
| TOP OF THE 8TH |
|
Houston Colt .45's batting - Pitching for Portland Angels : RHP Dean LeCroy
|
|
Now at 1B: Adrian Orosco
|
|
|
Batting: RHB Gabe Allen
|
0-0: Called Strike 0-1: Fly out, F8 (Flyball, 8LXD, EV 98.8 MPH)
|
|
Batting: SHB Miguel Sierra
|
0-0: Ball 1-0: Foul Ball, location: 2F 1-1: Swinging Strike 1-2: SINGLE (Groundball, 34S, EV 62.5 MPH) (infield hit)
|
|
Batting: LHB Lou Toth
|
0-0: Fly out, F5 (Line Drive, 6, EV 65.6 MPH)
|
|
Batting: LHB Bob Dietz
|
0-0: Ground out 6-3 (Groundball, 6M, EV 88.1 MPH)
|
| Top of the 8th over - 0 runs, 1 hit, 0 errors, 1 left on base; Houston 3 - Portland 20 |
| BOTTOM OF THE 8TH |
|
Portland Angels batting - Pitching for Houston Colt .45's : LHP Mike Holloway
|
|
Batting: RHB Sean Rocha
|
0-0: Ball 1-0: Swinging Strike 1-1: Foul Ball, location: 2F 1-2: Ball 2-2: Ground out 5-3 (Groundball, 5L, EV 110.0 MPH)
|
|
Batting: SHB Danny Gelinas
|
0-0: DOUBLE (Flyball, 78XD, EV 105.6 MPH)
|
|
Batting: RHB Jon Shonka
|
0-0: Called Strike 0-1: Ball 1-1: Ball 2-1: Foul Ball, location: 2F 2-2: SINGLE (Flyball, 9S, EV 96.2 MPH) Danny Gelinas to third
|
|
Batting: LHB Dave Hicks
|
Pickoff Throw to First - Out! 1-3 0-0: Ball 1-0: Ball 2-0: Ball 3-0: Base on Balls
|
|
Batting: SHB Adrian Orosco
|
0-0: Called Strike 0-1: Called Strike 0-2: 3-RUN HOME RUN (Flyball, 7D, EV 96.9 MPH), Distance : 362 ft
|
|
Batting: RHB Juan Rosa
|
0-0: Ball 1-0: Ball 2-0: Ball 3-0: Called Strike 3-1: Foul Ball, location: 2F 3-2: Base on Balls
|
|
Batting: LHB Spencer Palmer
|
0-0: Called Strike 0-1: Foul Ball, location: 2F 0-2: Ball 1-2: Foul Ball, location: 2F 1-2: Ball 2-2: Ball 3-2: Foul Ball, location: 2F 3-2: Strikes out swinging
|
| Bottom of the 8th over - 3 runs, 3 hits, 0 errors, 1 left on base; Houston 3 - Portland 23 |
| TOP OF THE 9TH |
|
Houston Colt .45's batting - Pitching for Portland Angels : RHP Dean LeCroy
|
|
Batting: SHB Danny Jensen
|
0-0: Ball 1-0: Ball 2-0: Foul Ball, location: 2F 2-1: Ball 3-1: Foul Ball, location: 2F 3-2: Base on Balls
|
|
Batting: RHB Juan Mendoza
|
0-0: Fielders Choice at 2nd, 6-4 (Groundball, 6, EV 83.1 MPH)
|
|
Batting: RHB Keith Goodwin
|
0-0: Ball 1-0: Ball 2-0: Ball 3-0: Called Strike 3-1: Foul Ball, location: 2F 3-2: Strikes out swinging
|
|
Batting: RHB To-wai Chen
|
0-0: Hit by Pitch Juan Mendoza to second
|
|
Batting: RHB Jarno van Lente
|
0-0: Ball 1-0: Ground out 5-3 (Groundball, 56S, EV 71.2 MPH)
|
| Top of the 9th over - 0 runs, 0 hits, 0 errors, 2 left on base; Houston 3 - Portland 23 |
|